 Dungeon Crawl Stone Soup version 0.18.1-6-gd335043 (webtiles) character file.

1081188 Krapule the Conqueror (level 27, -1/269 (273) HPs)
             Began as a Minotaur Fighter on May 18, 2016.
             Was the Champion of the Shining One.
             Splashed by an acid blob's acid (13 damage)
             ... on level 5 of the Pits of Slime on May 20, 2016.
             The game lasted 11:33:39 (120732 turns).

Krapule the Conqueror (Minotaur Fighter)          Turns: 120732, Time: 11:33:39

HP:   -1/269 (273)  AC: 39    Str: 44    XL:     27
MP:   35/35         EV: 26    Int:  5    God:    the Shining One [******]
Gold: 10037         SH: 38    Dex: 16    Spells: 0 memorised, 26 levels left

rFire  + + +     SeeInvis .     a - +9 eveningstar (crush)
rCold  + + +     Gourm    .     f - +8 gold dragon armour "Uroe" {rPois rF+ rC+ Str+2}
rNeg   + + +     Faith    .     u - +4 large shield "Hoceroocw" {rF+ Dex+3}
rPois  +         Spirit   .     W - +2 hat
rElec  +         Dismiss  .     S - +2 cloak {MR+}
rCorr  .         Reflect  +     t - +2 pair of gloves {Dex+3}
SustAt .         Harm     .     x - +0 pair of boots of Pride {MR++}
MR     +++++     Rnd*Rage +     Z - amulet "Caohyphe" {Reflect rPois SH+3}
Stlth  ..........               g - ring "Axufol" {rF+ rC+ Str+10 Slay-3}
                                L - ring "Zymp" {+Fly rElec rC+ Str+4}

@: corroded, glowing, almost entirely resistant to hostile enchantments,
extremely unstealthy
A: retaliatory headbutt, horns 2, berserk 1, clumsy 2, low mp 1, screaming 1,
slow regeneration 1, weak 1
a: Divine Shield, Cleansing Flame, Summon Divine Warrior, Renounce Religion,
Evoke Flight
}: 9/15 runes: decaying, serpentine, silver, golden, iron, obsidian, icy, bone,
abyssal


You were on level 5 of the Pits of Slime.
You worshipped the Shining One.
The Shining One was exalted by your worship.
You were not hungry.

You visited 18 branches of the dungeon, and saw 92 of its levels.
You visited the Abyss 2 times.
You visited 3 bazaars.

You collected 13790 gold pieces.
You spent 3753 gold pieces at shops.

Inventory:

Hand Weapons
 a - a +9 eveningstar of crushing (weapon)
 b - a +9 sacred scourge of holy wrath
Armour
 f - the +8 gold dragon armour "Uroe" (worn) {rPois rF+ rC+ Str+2}
   (Okawaru gifted it to you on level 13 of the Dungeon)

   It affects your strength (+2).
   It protects you from fire.
   It protects you from cold.
   It protects you from poison.
 t - a +2 pair of gloves of dexterity (worn)
 u - the +4 large shield "Hoceroocw" (worn) {rF+ Dex+3}
   (You acquired it on level 1 of the Lair of Beasts)

   It affects your dexterity (+3).
   It protects you from fire.
 x - the +0 pair of boots of Pride (worn) {MR++}
   (Okawaru gifted it to you on level 2 of the Lair of Beasts)

   It affects your resistance to hostile enchantments.
 S - a +2 cloak of magic resistance (worn)
 W - a +2 hat (worn)
Rods
 w - a +6 rod of ignition (12/12)
   (You found it on level 3 of the Tomb of the Ancients)
 y - a +3 rod of shadows (11/11)
   (You found it on level 3 of the Realm of Zot)
Jewellery
 c - an uncursed amulet of rage
 g - the ring "Axufol" (right hand) {rF+ rC+ Str+10 Slay-3}
   (You took it off a vampire knight on level 3 of the Crypt)

   [ring of protection from fire]

   It affects your strength (+10).
   It affects your accuracy and damage with ranged weapons and melee attacks
   (-3).
   It protects you from fire.
   It protects you from cold.
 L - the ring "Zymp" (left hand) {+Fly rElec rC+ Str+4}
   (You found it on level 12 of the Dungeon)

   [ring of protection from cold]

   It affects your strength (+4).
   It protects you from cold.
   It insulates you from electricity.
   It lets you fly.
 Q - an uncursed amulet of regeneration
 Z - the amulet "Caohyphe" (around neck) {Reflect rPois SH+3}
   (You took it off an iron imp on level 7 of the Iron City of Dis)

   [amulet of reflection]

   It shields you and reflects attacks.
   It protects you from poison.
   It affects your SH (+3).
Wands
 o - a wand of digging (12/24)
 G - a wand of teleportation (8/9)
Scrolls
 j - 4 scrolls of silence
 m - 10 scrolls of blinking
 z - 7 scrolls of summoning
 A - 16 scrolls of teleportation
 B - 8 scrolls of fog
 C - 4 scrolls of holy word
 H - 18 scrolls of fear
Potions
 d - 5 potions of might
 e - 7 potions of haste
 n - 6 potions of cancellation
 E - a potion of resistance
 I - 6 potions of agility
 K - a potion of heal wounds
 T - 26 potions of curing
Miscellaneous
 h - a box of beasts {used: 1}
 r - a sack of spiders
 v - a phial of floods
 M - a stone of tremors
 N - a fan of gales
 V - a crystal ball of energy
 X - a lamp of fire
Comestibles
 k - 14 meat rations
 l - 8 royal jellies


   Skills:
 O Level 27 Fighting
 O Level 27 Maces & Flails
 O Level 27 Armour
 O Level 27 Dodging
 O Level 27 Shields
 O Level 27 Invocations
 + Level 14.2 Evocations


You had 26 spell levels left.
You didn't know any spells.

Dungeon Overview and Level Annotations

Branches:
Dungeon (15/15)            Temple (1/1) D:4            Lair (8/8) D:8
  Swamp (4/4) Lair:4        Snake (4/4) Lair:3        Slime (6/6) Lair:8
    Orc (2/2) D:10            Elf (3/3) Orc:2        Vaults (5/5) D:14
  Crypt (3/3) Vaults:2       Tomb (3/3) Crypt:3      Depths (5/5) D:15
   Hell (1/1)                 Dis (7/7) Hell            Geh (7/7) Hell
    Coc (7/7) Hell            Tar (7/7) Hell            Zot (4/5) Depths:5

Altars:
Ashenzari
Cheibriados
Dithmenos
Elyvilon
Fedhas
Gozag
Kikubaaqudgha
Makhleb
Nemelex Xobeh
Okawaru
Pakellas
Qazlal
Ru
Sif Muna
Trog
Vehumet
Xom
Yredelemnul
Zin
The Shining One
Beogh

Shops:
D:10 [   Orc:2 (??   Elf:2 [:[!   Snake:2 (   Vaults:3 ?

Portals:
Hell: Depths:1 Depths:2 Depths:3 Depths:4 Depths:5
Abyss: Depths:4
Pandemonium: Depths:2 Depths:3
Ziggurat: Depths:4

Annotations:
D:14 Donald
Lair:3 Uhlv's ghost, journeyman TrMo
Coc:7 exclusion: ice statue


Innate Abilities, Weirdness & Mutations

You reflexively headbutt those who attack you in melee.
You have a pair of horns on your head.
You tend to lose your temper in combat.
You are very clumsy. (Dex -4)
Your magical capacity is low (-10% MP).
You occasionally shout uncontrollably at your foes.
You regenerate slowly when monsters are visible.
You are weak. (Str -2)


Message History

Your surroundings suddenly seem different.
You start resting.
You are no longer corroded.
You start resting.
Read which item? (? for menu, Esc to quit)
As you read the scroll of teleportation, it crumbles to dust.
You feel strangely unstable.
The acid blob quivers.
The acid blob spits acid at you. The splash of acid hits you!
The acid corrodes you!
The acid burns!
* * * LOW HITPOINT WARNING * * *
The acid blob spits acid at you. The splash of acid misses you.
Your surroundings suddenly seem different.
The walls burn you!
* * * LOW HITPOINT WARNING * * *
The acid blob quivers.
The acid blob spits acid at you. The splash of acid hits you!
The acid corrodes you!
The acid burns!
You die...

...................#
...............##....
##...............###..
..........>..........
#....................
#....................
....................
.#...#......#.......
##@#......##.......
.#.#..........#....
#..J..........#...#
#.#...........###.##
#.......#...#### ...
#.....##......## .##
##.####........# ##
#........## #.....##.#


You could see an acid blob.

Vanquished Creatures
  Antaeus (Coc:7)
  Asmodeus (Geh:7)
  the Royal Jelly (Slime:6)
  the Serpent of Hell (Geh:7)
  Dispater (Dis:7)
  Khufu (Tomb:3)
  6 orbs of fire
  6 ancient liches
  A juggernaut (Depths:5)
  30 greater mummies
  Norris (D:14)
  9 shard shrikes
  2 curse toes (Zot:4)
  Vashnia (Snake:2)
  Saint Roka (Crypt:2)
  5 golden dragons
  Geryon (Hell)
  A Killer Klown (Zot:2)
  Xtahua (Vaults:5)
  4 iron giants
  A profane servitor (Abyss:2)
  Nikola (Lair:3)
  14 bone dragons
  Jory (Crypt:2)
  16 Tzitzimimeh
  6 doom hounds
  3 electric golems (Zot:1)
  9 Brimstone Fiends
  Jorgrun (Elf:2)
  13 tentacled monstrosities
  9 Hell Sentinels
  14 liches
  8 Ice Fiends
  13 titans
  4 deep elf master archers
  2 quicksilver dragons (Vaults:5)
  6 deep elf blademasters
  Frances (D:13)
  7 death cobs
  8 sphinxes
  2 eldritch tentacles
  19 acid blobs
  10 tentacled starspawn
  Gastronok (Lair:1)
  5 tengu reavers
  12 ancient champions
  Kirke (D:15)
  7 storm dragons
  Roxanne (Elf:2)
  13 shadow dragons
  2 thorn hunters
  5 revenants
  9 greater nagas (Snake:4)
  4 draconian monks
  21 fire giants
  Wiglaf (Crypt:2)
  5 azure jellies
  6 iron dragons
  28 frost giants
  7 draconian scorchers
  Maud (Lair:7)
  11 deep elf sorcerers
  Aizul (Lair:3)
  3 balrugs
  20 vault wardens
  7 cacodemons
  6 draconian zealots
  7 draconian knights
  A draconian shifter (Zot:2)
  3 curse skulls
  5 ghost moths
  3 draconian annihilators
  7 ghouls
  4 deep elf elementalists (Elf:3)
  An angel (Abyss:4)
  15 ironheart preservers
  2 spriggan defenders (Depths:4)
  35 stone giants
  2 elemental wellsprings
  11 very ugly things
  49 reapers
  5 war gargoyles
  6 green draconians
  5 deep elf demonologists
  13 salamander stormcallers
  7 draconian callers
  Nessos (Lair:7)
  8 black draconians
  Azrael (Orc:2)
  6 bennus
  A dire elephant (D:15)
  19 vampire knights
  10 red draconians
  14 yellow draconians
  9 deep elf annihilators
  9 mottled draconians
  12 purple draconians
  2 lorocyprocas
  5 spark wasps
  3 eidola
  15 deep elf death magi
  10 white draconians
  2 crystal guardians
  17 ettins
  14 blizzard demons
  Snorg (Lair:7)
  25 vault guards
  A death ooze (Slime:2)
  21 mummy priests
  2 merfolk impalers (Depths:5)
  3 deep elf high priests
  15 great orbs of eyes
  Erolcha (D:9)
  8 jiangshi
  14 fire dragons
  Fannar (D:11)
  9 entropy weavers
  Josephine (Snake:1)
  A hell beast (Hell)
  6 quicksilver dragon skeletons
  22 yaktaur captains
  5 quicksilver dragon zombies
  A ghost crab (shapeshifter) (Depths:4)
  5 rakshasas
  22 hydras
  Harold (Orc:1)
  2 ghost crabs
  31 ice dragons
  10 anacondas
  20 naga warriors
  9 spriggan air magi
  17 ogre magi
  9 centaur warriors
  5 death knights
  Erica (Orc:1)
  11 deep troll shamans
  7 alligators
  29 dancing weapons
  12 hell hogs
  8 tengu warriors
  6 deep troll earth magi
  15 death yaks
  18 vampire magi
  3 storm dragon zombies
  Urug (D:10)
  An iron golem (Hell)
  47 deep elf knights
  4 shock serpents (Snake:4)
  20 thrashing horrors
  20 naga sharpshooters
  4 titan skeletons
  35 hell knights
  9 spriggan berserkers
  23 large abominations
  19 soul eaters
  15 sun demons
  8 titan zombies
  10 shadow wraiths
  8 spatial maelstroms
  5 iron trolls
  The ghost of manyhoops the Chopper, a novice DsGl of Qazlal (D:8)
  12 wretched stars
  29 death scarabs
  121 skeletal warriors
  5 salamander mystics
  4 fire crabs
  8 golden dragon zombies
  An unseen horror (D:15)
  5 storm dragon skeletons
  A death drake (Tar:1)
  24 deep trolls
  8 swamp dragons
  2 ghost moth zombies
  7 anaconda zombies
  39 deep elf archers
  14 giant orange brains
  8 anaconda skeletons
  10 naga ritualists
  17 shadow demons
  11 hill giants
  4 harpies (Vaults:3)
  13 ironbrand convokers
  4 shambling mangroves
  5 shadow dragon zombies
  21 flayed ghosts
  12 necromancers
  3 golden dragon skeletons
  A lindwurm (Lair:8)
  2 swamp dragons (shapeshifter)
  8 orc knights
  5 wolf spider zombies
  A harpy (shapeshifter) (D:15)
  30 anubis guards
  3 iron dragon zombies
  39 ugly things
  An orb spider (shapeshifter) (Elf:3)
  2 worldbinders (Abyss:4)
  7 wolf spiders
  5 wizards
  27 phantasmal warriors
  6 shining eyes
  4 human zombies
  A shadow dragon skeleton (Coc:7)
  115 deep elf magi
  7 stone giant zombies
  10 mana vipers
  3 frost giant zombies
  6 cyclopes
  A cyclops (shapeshifter) (Vaults:5)
  8 hornets
  An iron dragon skeleton (Crypt:3)
  25 salamanders
  6 fire giant zombies
  A manticore (D:15)
  5 orc sorcerers
  3 hornets (shapeshifter)
  3 griffons
  20 moths of wrath
  6 stone giant skeletons
  An oklob plant (Lair:8)
  4 sixfirhies
  5 frost giant skeletons
  18 elephants
  4 guardian serpents
  20 rust devils
  3 dire elephant zombies
  Psyche (D:9)
  2 ice statues
  8 centaur zombies
  31 naga magi
  15 vault sentinels
  A shock serpent zombie (Tar:2)
  A fire giant skeleton (Crypt:3)
  20 smoke demons
  3 apocalypse crabs (Abyss:4)
  57 black mambas
  5 eyes of devastation
  An eye of devastation (shapeshifter) (Vaults:1)
  5 molten gargoyles (Geh:7)
  2 shock serpent skeletons
  2 torpor snails (shapeshifter)
  A black mamba (shapeshifter) (Vaults:2)
  2 torpor snails
  9 spectral swamp worms
  31 spiny frogs
  2 yaktaur zombies
  6 komodo dragons
  3 emperor scorpion zombies
  23 hellions
  A gargoyle (D:14)
  80 yaktaurs
  2 efreet (Abyss:4)
  4 dire elephant skeletons
  A rime drake (shapeshifter) (Vaults:4)
  7 kobold demonologists
  A demonic crawler (Abyss:2)
  A yaktaur (shapeshifter) (Abyss:2)
  6 rime drakes
  A komodo dragon (shapeshifter) (Elf:1)
  13 ice devils
  A catoblepas zombie (Geh:7)
  A redback zombie (D:14)
  2 human skeletons
  A catoblepas skeleton (Geh:6)
  A pale draconian skeleton (Crypt:3)
  30 freezing wraiths
  An anaconda simulacrum (Tar:2)
  A mottled draconian skeleton (Crypt:2)
  2 tengu conjurers
  23 tormentors
  2 yaktaur skeletons
  11 trolls
  7 hydra zombies
  A queen ant zombie (Crypt:2)
  A polar bear (Lair:3)
  38 guardian mummies
  9 red devils
  9 ancient zymes
  A queen bee (Abyss:4)
  3 jumping spiders
  6 harpy zombies
  3 iron troll skeletons (Dis:1)
  A merfolk (shapeshifter) (Depths:1)
  2 queen bees (shapeshifter)
  A merfolk (D:13)
  Grinder (D:6)
  13 ushabtiu
  17 raiju
  27 two-headed ogres
  A blink frog (shapeshifter) (Depths:1)
  15 bog bodies
  5 fire dragon zombies
  9 giant leeches
  A wind drake (shapeshifter) (Elf:2)
  18 blink frogs
  2 harpy skeletons
  A moth of wrath zombie (Crypt:3)
  A minotaur skeleton (Geh:3)
  Prince Ribbit (Lair:1)
  11 boulder beetles
  4 ettin zombies
  134 slime creatures
  A hornet zombie (D:15)
  9 hydra skeletons
  2 frost giant simulacra
  3 alligator zombies
  A fire giant simulacrum (Vaults:3)
  110 flying skulls
  4 ice dragon skeletons
  5 ice dragon zombies
  Sigmund (D:6)
  5 air elementals
  2 alligator skeletons
  29 shadows
  6 ettin skeletons
  A satyr skeleton (Crypt:1)
  2 black mamba zombies
  41 starcursed masses
  10 wyverns
  3 fire dragon skeletons
  A vampire (Abyss:2)
  10 spriggans
  6 tarantellas
  8 ynoxinuls
  A basilisk (shapeshifter) (D:15)
  22 water elementals
  Eustachio (D:4)
  3 hogs (D:15)
  26 redbacks
  11 hippogriffs
  35 wraiths
  3 black mamba skeletons
  27 fire elementals
  A golden eye (shapeshifter) (Vaults:3)
  17 humans
  4 basilisks
  A wind drake zombie (Crypt:1)
  The ghost of Bubs the Shield-Bearer, an amateur FoFi of Elyvilon (D:4)
  A steam dragon (D:10)
  3 neqoxecs
  49 yaks
  15 golden eyes
  A hippogriff (shapeshifter) (Vaults:5)
  7 hungry ghosts
  7 spatial vortices
  41 vampire mosquitoes
  2 chaos spawn
  8 wargs
  Edmund (D:4)
  2 soldier ants
  5 insubstantial wisps (Swamp:4)
  38 nagas
  A naga (shapeshifter) (Vaults:4)
  Menkaure (D:4)
  22 swamp worms
  A merfolk zombie (Tomb:3)
  A hydra simulacrum (Coc:6)
  33 water moccasins
  A swamp worm (shapeshifter) (Vaults:5)
  A soldier ant (shapeshifter) (Vaults:2)
  A mottled dragon (Vaults:2)
  36 hell hounds
  11 porcupines
  A giant eyeball (Slime:5)
  12 swamp drakes
  9 spiny frog zombies
  An alligator simulacrum (Coc:1)
  A faun skeleton (Crypt:2)
  A gelid demonspawn skeleton (Crypt:2)
  5 ice beasts
  24 orc warriors
  2 spiny frog skeletons
  5 phantoms
  A black bear (shapeshifter) (Vaults:3)
  3 swamp dragon zombies
  A black mamba simulacrum (Abyss:3)
  An ettin simulacrum (Coc:5)
  10 eyes of draining
  6 sky beasts
  18 wasps
  A manticore zombie (Geh:7)
  23 necrophages
  3 black bears
  A wolf (shapeshifter) (Vaults:5)
  3 boggarts (Depths:1)
  2 snapping turtle zombies
  10 wolves
  79 ogres
  2 ogres (shapeshifter)
  16 centaurs
  2 manticore skeletons
  A lindwurm skeleton (Crypt:1)
  2 snapping turtle skeletons
  A swamp dragon skeleton (Tar:7)
  18 crocodiles
  3 elf zombies
  25 giant frogs
  5 big kobolds
  A fire crab zombie (Crypt:3)
  Blork the orc (D:4)
  A spiny frog simulacrum (Coc:7)
  A dryad skeleton (Crypt:2)
  3 earth elementals
  2 scorpions (D:8)
  3 spriggan zombies
  A troll zombie (Geh:5)
  A polar bear zombie (Crypt:2)
  A raiju zombie (Crypt:1)
  28 killer bees
  A polar bear skeleton (Crypt:1)
  41 wights
  A warg skeleton (Crypt:1)
  3 howler monkeys
  2 electric eels
  24 crimson imps
  A human simulacrum (Vaults:3)
  3 giant frog zombies
  15 orc priests
  7 hounds
  38 jellies
  2 quasits
  7 centaur skeletons
  21 iron imps
  4 giant frog skeletons
  15 small abominations
  A basilisk skeleton (Crypt:2)
  17 iguanas
  28 orc wizards
  14 worker ants
  16 sheep
  A naga zombie (Dis:7)
  An ogre zombie (Dis:7)
  2 naga skeletons
  2 demigod skeletons
  A dwarf skeleton (Crypt:3)
  65 mummies
  A hound zombie (D:9)
  2 hound skeletons
  2 worker ant zombies
  A hell rat skeleton (Crypt:3)
  2 howler monkey skeletons
  6 gnolls
  A swamp drake zombie (Crypt:3)
  20 adders
  61 river rats
  13 shadow imps
  A swamp drake skeleton (Crypt:3)
  28 white imps
  4 ufetubi
  2 oozes
  An adder skeleton (D:4)
  A worm (shapeshifter) (Elf:2)
  2 dart slugs
  10 giant geckos
  83 orcs
  2 ball pythons
  5 giant cockroaches
  12 hobgoblins
  13 jackals
  16 kobolds
  8 quokkas
  8 bats
  A giant gecko skeleton (D:4)
  2 giant newts (D:1)
  5 goblins
  A goblin skeleton (Crypt:3)
  A jackal skeleton (D:9)
  A jackal zombie (D:6)
  An orc zombie (Tar:6)
  A quokka skeleton (D:5)
  6 rats
  A bush (Lair:8)
  2 crawling corpses
  4 starspawn tentacles (Abyss:4)
4646 creatures vanquished.

Vanquished Creatures (collateral kills)
  Ereshkigal (Tar:7)
  A greater mummy (Tomb:3)
  An iron giant (Dis:7)
  A bone dragon (Dis:7)
  2 Brimstone Fiends
  A tentacled monstrosity (Vaults:5)
  2 Ice Fiends (Coc:7)
  A titan (Vaults:5)
  A storm dragon (Vaults:5)
  A shadow dragon (Vaults:5)
  A fire giant (Geh:7)
  A vault warden (Vaults:5)
  A cacodemon (Dis:7)
  A frost giant (Tomb:1)
  3 reapers
  A war gargoyle (Vaults:5)
  2 ironheart preservers
  An elemental wellspring (Coc:7)
  2 stone giants (Vaults:5)
  A deep elf annihilator (Vaults:5)
  5 blizzard demons (Coc:7)
  6 vault guards (Vaults:5)
  2 yaktaur captains (Vaults:5)
  A death ooze (Slime:6)
  5 ice dragons
  A naga warrior (Lair:3)
  A quicksilver dragon skeleton (Tar:7)
  2 thrashing horrors (Abyss:4)
  A hell knight (Vaults:5)
  A soul eater (Tar:7)
  A wretched star (Abyss:4)
  A skeletal warrior (Dis:7)
  An anaconda zombie (Tar:7)
  2 shadow demons (Tar:7)
  A deep elf archer (Vaults:5)
  An anubis guard (Tomb:3)
  An ugly thing (Abyss:4)
  A deep elf mage (Vaults:5)
  A molten gargoyle (Geh:7)
  A frost giant zombie (Coc:7)
  An iron dragon skeleton (Geh:7)
  A spectral swamp worm (Tar:7)
  A hellion (Abyss:4)
  A guardian mummy (Tomb:3)
  2 yaktaurs (Vaults:5)
  5 ice devils
  2 hydra zombies (Coc:7)
  A slime creature (Slime:6)
  2 ushabtiu (Tomb:3)
  3 golden eyes (Slime:6)
  A naga (Lair:3)
  A spiny frog zombie (Coc:7)
  A hydra simulacrum (Coc:7)
  A hell hound (Geh:7)
  2 killer bees (Abyss:4)
  A wight (Tar:7)
  4 crimson imps (Geh:7)
  A shadow imp (Tar:7)
  A white imp (Coc:7)
94 creatures vanquished.

Vanquished Creatures (others)
  2 sphinxes (Tomb:1)
  A vault warden (Vaults:2)
  3 draconian scorchers
  A quicksilver dragon zombie (Tomb:2)
  A deep elf high priest (Vaults:5)
  A yaktaur captain (Depths:5)
  A skeletal warrior (Tomb:2)
  A fire crab (Abyss:4)
  30 death scarabs
  A naga ritualist (Snake:1)
  A necromancer (Vaults:2)
  2 deep elf magi
  An ugly thing (Depths:1)
  A black mamba (Snake:1)
  A naga mage (Snake:4)
  A freezing wraith (Dis:7)
  A komodo dragon (Lair:8)
  A guardian mummy (Tomb:3)
  A two-headed ogre (Vaults:2)
  5 flying skulls
  A spriggan (Swamp:1)
  A shadow (Abyss:4)
  2 wraiths
  A naga (Snake:2)
  A wasp (Swamp:1)
  A human skeleton (Vaults:2)
  A necrophage (Crypt:1)
  A boggart (Depths:1)
  3 centaurs
  A killer bee (Abyss:4)
  6 mummies
  2 orcs
  5 kobolds (D:13)
  A briar patch (Swamp:4)
  A demonic plant (Abyss:4)
  13 eldritch tentacle segments (Tar:6)
  48 fungi
  7 lost souls
  2 lurking horrors (Abyss:4)
  53 plants
  28 starspawn tentacles
  129 starspawn tentacle segments (Abyss:4)
365 creatures vanquished.

Grand Total: 5105 creatures vanquished

Notes
Turn   | Place    | Note
--------------------------------------------------------------
     0 | D:1      | Krapule the Minotaur Fighter began the quest for the Orb.
     0 | D:1      | Reached XP level 1. HP: 19/19 MP: 0/0
    55 | D:1      | Reached XP level 2. HP: 27/27 MP: 1/1
   211 | D:1      | Reached skill level 1 in Dodging
   617 | D:1      | Reached XP level 3. HP: 33/33 MP: 2/2
   937 | D:2      | Found a glowing golden altar of the Shining One.
  1711 | D:3      | Found a shadowy altar of Dithmenos.
  1783 | D:3      | Reached XP level 4. HP: 36/40 MP: 3/3
  2138 | D:3      | Reached XP level 5. HP: 29/47 MP: 4/4
  2343 | D:4      | Noticed Eustachio
  2395 | D:4      | Killed Eustachio
  2395 | D:4      | Reached skill level 5 in Armour
  2395 | D:4      | Reached XP level 6. HP: 43/55 MP: 5/5
  2435 | D:4      | Reached skill level 5 in Fighting
  2460 | D:4      | Noticed Blork the orc
  2461 | D:4      | Reached skill level 5 in Shields
  2474 | D:4      | Killed Blork the orc
  2674 | D:4      | Noticed Edmund
  2698 | D:4      | Killed Edmund
  2704 | D:4      | Reached XP level 7. HP: 37/61 MP: 1/6
  2802 | D:4      | Noticed Bubs's ghost (amateur FoFi)
  2832 | D:4      | Killed Bubs's ghost
  3019 | D:4      | Noticed Menkaure
  3045 | D:4      | Killed Menkaure
  3492 | D:4      | Found a deep blue altar of Sif Muna.
  3616 | D:4      | Found a staircase to the Ecumenical Temple.
  3626 | Temple   | Entered the Ecumenical Temple
  3854 | Temple   | Became a worshipper of Warmaster Okawaru
  4140 | D:5      | Entered Level 5 of the Dungeon
  4218 | D:5      | Reached XP level 8. HP: 70/71 MP: 2/7
  4299 | D:5      | Reached skill level 5 in Dodging
  4299 | D:5      | Reached skill level 1 in Invocations
  4567 | D:5      | Found a stormy altar of Qazlal.
  4649 | D:5      | Found an ancient bone altar of Kikubaaqudgha.
  5069 | D:6      | Got a brightly glowing scale mail
  5080 | D:6      | Identified the +3 scale mail of Medecsei {MR+ Stlth+} (You found it on level 6 of the Dungeon)
  5096 | D:6      | Noticed Sigmund
  5134 | D:7      | Found a basalt altar of Yredelemnul.
  5363 | D:7      | Reached * piety under Okawaru
  6044 | D:6      | Killed Sigmund
  6044 | D:6      | Reached XP level 9. HP: 73/79 MP: 3/10
  6140 | D:6      | Reached ** piety under Okawaru
  6144 | D:6      | Noticed Grinder
  6166 | D:6      | Paralysed by Grinder for 6 turns
  6182 | D:6      | Killed Grinder
  6386 | D:6      | Found a sparkling altar of Nemelex Xobeh.
  7107 | D:8      | Noticed manyhoops's ghost (novice DsGl)
  8004 | D:8      | Found a staircase to the Lair.
  8995 | Lair:1   | Entered Level 1 of the Lair of Beasts
  9041 | D:9      | Noticed Psyche
  9060 | D:9      | Killed Psyche
  9060 | D:9      | Reached *** piety under Okawaru
  9060 | D:9      | Reached skill level 5 in Invocations
  9148 | D:9      | Reached XP level 10. HP: 90/90 MP: 4/12
  9156 | D:9      | Noticed Erolcha
  9158 | D:9      | Found an opulent altar of Gozag.
  9178 | D:9      | Killed Erolcha
  9356 | D:9      | Found a shattered altar of Ashenzari.
  9649 | D:9      | Found a blossoming altar of Fedhas.
  9818 | D:9      | Reached **** piety under Okawaru
 10054 | D:9      | Found a shimmering altar of Xom.
 10213 | D:9      | Found an oddly glowing altar of Pakellas.
 10539 | D:10     | Entered Level 10 of the Dungeon
 10905 | D:10     | Found a staircase to the Orcish Mines.
 11158 | D:10     | Noticed a six-headed hydra
 11574 | Lair:1   | Noticed a spiny frog
 11588 | Lair:1   | Killed a spiny frog
 11674 | Lair:1   | Reached ***** piety under Okawaru
 11674 | Lair:1   | Reached skill level 10 in Armour
 11724 | Lair:1   | Noticed Gastronok
 11739 | Lair:1   | Killed Gastronok
 11739 | Lair:1   | Reached skill level 10 in Fighting
 11739 | Lair:1   | Reached skill level 10 in Shields
 11739 | Lair:1   | Reached XP level 11. HP: 60/100 MP: 3/15
 12256 | Lair:1   | Noticed Prince Ribbit
 12711 | Lair:1   | Killed Prince Ribbit
 13412 | Lair:2   | Received a gift from Okawaru
 13426 | Lair:2   | Got a pair of crude boots {god gift}
 13439 | Lair:2   | Identified the +0 pair of boots of Pride {MR++} (Okawaru gifted it to you on level 2 of the Lair of Beasts)
 14051 | Lair:2   | Reached skill level 5 in Maces & Flails
 14698 | Lair:3   | Reached XP level 12. HP: 110/110 MP: 5/16
 14738 | Lair:3   | Noticed Uhlv's ghost (journeyman TrMo)
 14917 | Lair:3   | Noticed a four-headed hydra
 14931 | Lair:3   | Killed a four-headed hydra
 14931 | Lair:3   | Reached skill level 10 in Dodging
 14970 | Lair:3   | Found a staircase to the Snake Pit.
 15372 | Lair:3   | Found a sacrificial altar of Ru.
 15935 | Lair:4   | Noticed a death yak
 15935 | Lair:4   | Noticed a death yak
 15936 | Lair:4   | Noticed a death yak
 17088 | Lair:4   | Found a staircase to the Swamp.
 17362 | Lair:4   | Noticed a death yak
 17373 | Lair:4   | Noticed a five-headed hydra
 17841 | Lair:5   | Received a gift from Okawaru
 18298 | Lair:4   | Noticed a death yak
 18299 | Lair:4   | Noticed a death yak
 18534 | Lair:5   | Killed a five-headed hydra
 19279 | Lair:6   | Noticed a four-headed hydra
 19297 | Lair:6   | Killed a four-headed hydra
 19479 | Lair:6   | Noticed a four-headed hydra
 19493 | Lair:6   | Killed a four-headed hydra
 19515 | Lair:6   | Received a gift from Okawaru
 19672 | Lair:6   | Reached XP level 13. HP: 92/118 MP: 6/18
 19850 | Lair:6   | Found a runed door.
 20955 | Lair:7   | Noticed Nessos
 20991 | Lair:7   | Noticed Maud
 21273 | Lair:7   | Killed Maud
 22428 | Orc:1    | Entered Level 1 of the Orcish Mines
 22430 | Orc:1    | Noticed Urug
 22719 | D:10     | HP: 3/119 [Urug/battleaxe (13)]
 23178 | D:10     | Killed Urug
 24054 | D:10     | Found Ycvyosi's Antique Armour Emporium.
 24062 | D:10     | Bought a shiny large shield for 112 gold pieces
 24653 | D:11     | Received a gift from Okawaru
 24828 | D:11     | Noticed Fannar
 25977 | Orc:1    | Noticed Erica
 25987 | Orc:1    | Killed Erica
 26394 | Orc:1    | Noticed Harold
 26415 | Orc:1    | Killed Harold
 26582 | Orc:2    | Entered Level 2 of the Orcish Mines
 26596 | Orc:2    | Noticed Azrael
 26692 | Orc:2    | Found a flickering gateway to a bazaar.
 26697 | Bazaar   | Entered a bazaar
 26711 | Bazaar   | Found Yqumij's Weapon Emporium.
 26733 | Bazaar   | Found Tumaqim's Antique Armour Shoppe.
 26755 | Bazaar   | Found Qacab's Magic Scroll Shoppe.
 26755 | Bazaar   | Found Wesirat's Gadget Emporium.
 26787 | Bazaar   | Bought a scroll of enchant weapon for 82 gold pieces
 26787 | Bazaar   | Bought a scroll of fear for 38 gold pieces
 26787 | Bazaar   | Bought a scroll of identify for 22 gold pieces
 26787 | Bazaar   | Bought a scroll of holy word for 82 gold pieces
 26787 | Bazaar   | Bought a scroll of teleportation for 33 gold pieces
 26787 | Bazaar   | Bought a scroll of identify for 22 gold pieces
 26876 | Orc:2    | Reached XP level 14. HP: 107/129 MP: 5/20
 26893 | Orc:2    | Killed Azrael
 27198 | Orc:2    | Found a roughly hewn altar of Beogh.
 27326 | Orc:2    | Found a staircase to the Elven Halls.
 27697 | Orc:2    | Found Celeuw's Weapon Shoppe.
 27756 | Orc:2    | Reached skill level 10 in Invocations
 27834 | Orc:2    | Reached skill level 1 in Evocations
 28207 | Orc:2    | Found Sessim's Magic Scroll Emporium.
 28212 | Orc:2    | Found Ledaronao's Magic Scroll Boutique.
 28221 | Orc:2    | Found Vuorroill's Magic Scroll Shoppe.
 28230 | Orc:2    | Bought a scroll of teleportation for 51 gold pieces
 28230 | Orc:2    | Bought a scroll of enchant weapon for 127 gold pieces
 28230 | Orc:2    | Bought a scroll of summoning for 161 gold pieces
 28230 | Orc:2    | Bought a scroll of identify for 34 gold pieces
 28230 | Orc:2    | Bought a scroll of summoning for 161 gold pieces
 28230 | Orc:2    | Bought a scroll of blinking for 127 gold pieces
 28235 | Orc:2    | Bought a scroll of identify for 24 gold pieces
 28235 | Orc:2    | Bought a scroll of fear for 42 gold pieces
 28235 | Orc:2    | Bought a scroll of enchant weapon for 90 gold pieces
 28235 | Orc:2    | Bought a scroll of identify for 24 gold pieces
 28235 | Orc:2    | Bought a scroll of magic mapping for 42 gold pieces
 28235 | Orc:2    | Bought a scroll of enchant weapon for 90 gold pieces
 28235 | Orc:2    | Bought a scroll of remove curse for 36 gold pieces
 28235 | Orc:2    | Bought a scroll of summoning for 114 gold pieces
 28235 | Orc:2    | Bought a scroll of magic mapping for 42 gold pieces
 28235 | Orc:2    | Bought a scroll of remove curse for 36 gold pieces
 28246 | Orc:2    | Bought 3 scrolls of enchant weapon for 292 gold pieces
 28246 | Orc:2    | Bought a scroll of enchant armour for 97 gold pieces
 28246 | Orc:2    | Bought a scroll of magic mapping for 45 gold pieces
 28644 | D:12     | Got a smoking platinum ring
 28655 | D:12     | Identified the ring "Zymp" {+Fly rElec rC+ Str+4} (You found it on level 12 of the Dungeon)
 29225 | D:13     | Noticed Frances
 29353 | D:13     | Reached ****** piety under Okawaru
 29672 | D:13     | Killed Frances
 29672 | D:13     | Received a gift from Okawaru
 29679 | D:13     | Got an aquamarine-encrusted gold dragon armour {god gift}
 29690 | D:13     | Identified the +8 gold dragon armour "Uroe" {rPois rF+ rC+ Str+2} (Okawaru gifted it to you on level 13 of the Dungeon)
 30589 | Lair:7   | Noticed Snorg
 30639 | Lair:7   | Killed Snorg
 30772 | Lair:7   | Reached XP level 15. HP: 109/139 MP: 7/21
 30991 | Lair:7   | Killed Nessos
 31687 | Lair:8   | Entered Level 8 of the Lair of Beasts
 31713 | Lair:8   | Received a gift from Okawaru
 32275 | Lair:8   | Reached skill level 15 in Fighting
 32457 | Lair:8   | Got an ichor-stained steam dragon armour
 32468 | Lair:8   | Identified the +1 steam dragon armour "Yta Ahonku" {*Corrode rN+ Str+2} (You found it on level 8 of the Lair of Beasts)
 32599 | Lair:8   | Reached skill level 15 in Armour
 32639 | Lair:8   | Found a staircase to the Slime Pits.
 33058 | Lair:8   | Identified a scroll of acquirement
 34216 | Lair:8   | Received a gift from Okawaru
 34225 | Lair:8   | Got a polished lajatang {god gift}
 34628 | Snake:1  | Entered Level 1 of the Snake Pit
 34638 | Snake:1  | Noticed Aizul
 36259 | Snake:1  | Noticed Nikola
 37184 | Swamp:1  | Entered Level 1 of the Swamp
 37519 | Lair:2   | HP: 6/141 [komodo dragon (19)]
 38033 | Elf:1    | Entered Level 1 of the Elven Halls
 40324 | D:14     | Found a gate to the Vaults.
 40324 | D:14     | Noticed Norris
 40324 | D:14     | Noticed Donald
 40341 | D:13     | Received a gift from Okawaru
 40975 | D:14     | Found a flickering gateway to a bazaar.
 40984 | Bazaar   | Entered a bazaar
 40986 | Bazaar   | Found Iskeemam's Antique Weapon Emporium.
 40994 | Bazaar   | Found Wyenugij's Weapon Boutique.
 41035 | Bazaar   | Found Uteiff's Weapon Shoppe.
 41043 | Bazaar   | Found Dirr's Jewellery Shop.
 41073 | Bazaar   | Bought the ring of Gyefoih {MP-9 Int+3 Dex+6 SInv} for 553 gold pieces
 41635 | D:14     | Reached XP level 16. HP: 91/150 MP: 14/23
 42489 | D:13     | Got a warped steel ring
 43131 | D:14     | Killed Norris
 43616 | D:15     | Entered Level 15 of the Dungeon
 43635 | D:15     | Reached skill level 15 in Shields
 44254 | D:15     | Noticed Kirke
 44441 | Lair:1   | Identified the ring "Onwa" {+Fly rC+ Str+4} (You took it off a deep elf mage on level 13 of the Dungeon)
 44778 | Snake:1  | Noticed Josephine
 44869 | Lair:3   | Killed Aizul
 45278 | Lair:3   | Killed Nikola
 45278 | Lair:3   | Reached skill level 15 in Dodging
 45428 | Snake:1  | Killed Josephine
 45772 | Snake:1  | Received a gift from Okawaru
 45961 | Lair:1   | Gained mutation: You are surrounded by a mild repulsion field (EV +2). [potion of mutation]
 45961 | Lair:1   | Gained mutation: Scrolls take you a little longer to read. [potion of mutation]
 45961 | Lair:1   | Lost mutation: Scrolls take you a little longer to read. [potion of mutation]
 45963 | Lair:1   | Gained mutation: Your system is resistant to poisons. [potion of beneficial mutation]
 45964 | Lair:1   | Gained mutation: You are covered in fur (AC +1). [potion of beneficial mutation]
 45965 | Lair:1   | Gained mutation: Your movements are slightly less encumbered by armour (ER -2). [potion of beneficial mutation]
 46447 | Snake:2  | Noticed Vashnia
 46521 | Snake:2  | Received a gift from Okawaru
 46556 | Snake:2  | Killed Vashnia
 46560 | Snake:2  | Reached skill level 5 in Evocations
 46573 | Snake:2  | Reached XP level 17. HP: 156/160 MP: 9/25
 46860 | Snake:2  | Found Imimenuw's Antique Weapon Shop.
 47824 | Snake:3  | Received a gift from Okawaru
 47827 | Snake:3  | Got a shimmering chain mail {god gift}
 48026 | Snake:4  | Entered Level 4 of the Snake Pit
 48118 | Snake:4  | Found a white marble altar of Elyvilon.
 48964 | Snake:4  | Received a gift from Okawaru
 49070 | Snake:4  | Reached skill level 10 in Maces & Flails
 49105 | Snake:4  | Reached XP level 18. HP: 171/171 MP: 17/26
 49872 | Snake:4  | Got a serpentine rune of Zot
 50027 | Lair:1   | Identified the +3 chain mail of Ozy Wiji {Int+3} (Okawaru gifted it to you on level 3 of the Snake Pit)
 52177 | Swamp:4  | Entered Level 4 of the Swamp
 52357 | Swamp:4  | Received a gift from Okawaru
 53520 | Swamp:4  | Got a decaying rune of Zot
 53880 | Vaults:1 | Entered Level 1 of the Vaults
 54846 | Vaults:1 | Reached XP level 19. HP: 181/181 MP: 18/27
 54868 | Vaults:1 | Received a gift from Okawaru
 55066 | Vaults:1 | Found a white marble altar of Elyvilon.
 55869 | Vaults:2 | Found a staircase to the Crypt.
 55869 | Vaults:2 | Found a basalt altar of Yredelemnul.
 55869 | Vaults:2 | Found an ancient bone altar of Kikubaaqudgha.
 55977 | Vaults:2 | Received a gift from Okawaru
 56841 | Vaults:2 | Reached XP level 20. HP: 193/193 MP: 21/30
 57007 | Crypt:1  | Entered Level 1 of the Crypt
 57064 | Crypt:1  | Received a gift from Okawaru
 57295 | Crypt:1  | Reached skill level 15 in Invocations
 57736 | Crypt:1  | Received a gift from Okawaru
 58694 | Crypt:2  | Noticed Jory
 58730 | Crypt:2  | Killed Jory
 58764 | Crypt:2  | Noticed Saint Roka
 58884 | Crypt:2  | Noticed Wiglaf
 58912 | Crypt:2  | Killed Wiglaf
 59816 | Crypt:2  | Received a gift from Okawaru
 60050 | Crypt:2  | Killed Saint Roka
 60349 | Crypt:3  | Entered Level 3 of the Crypt
 60605 | Crypt:3  | Found an ancient bone altar of Kikubaaqudgha.
 60994 | Crypt:3  | Noticed a bone dragon
 60994 | Crypt:3  | Noticed a bone dragon
 61041 | Crypt:3  | Killed a bone dragon
 61041 | Crypt:3  | Reached XP level 21. HP: 141/204 MP: 22/31
 61066 | Crypt:3  | Noticed an ancient lich
 61087 | Crypt:3  | Killed an ancient lich
 61087 | Crypt:3  | Received a gift from Okawaru
 61689 | Elf:1    | Identified Isucan's Guide on Calling (You found it on level 1 of the Elven Halls)
 61801 | Elf:1    | Found a gateway to a bazaar.
 61819 | Bazaar   | Entered a bazaar
 61823 | Bazaar   | Found Puanedghe's Jewellery Boutique.
 61841 | Bazaar   | Found Qeoteg's Antique Weapon Emporium.
 61858 | Bazaar   | Found Fimuc's General Store.
 61875 | Bazaar   | Found Sovijarch's Book Shoppe.
 61897 | Bazaar   | Bought an uncursed amulet of regeneration for 420 gold pieces
 61897 | Bazaar   | Bought the ring "Fotwuog" {rF+ Str+6} for 624 gold pieces
 61927 | Bazaar   | Bought a scroll of enchant weapon for 67 gold pieces
 61927 | Bazaar   | Bought a scroll of teleportation for 27 gold pieces
 61927 | Bazaar   | Bought a scroll of identify for 18 gold pieces
 61927 | Bazaar   | Bought a scroll of identify for 18 gold pieces
 62580 | Elf:2    | Found a runed gate.
 62580 | Elf:2    | Found a runed gate.
 62580 | Elf:2    | Found a runed gate.
 62639 | Elf:2    | Found Zusech's Armour Shop.
 62640 | Elf:2    | Found Ibrohyab's Book Boutique.
 62941 | Elf:2    | Noticed Roxanne
 63006 | Elf:2    | Noticed Jorgrun
 63024 | Elf:2    | Killed Jorgrun
 63074 | Elf:2    | Received a gift from Okawaru
 63094 | Elf:2    | Identified a +2 pair of boots of running (Okawaru gifted it to you on level 2 of the Elven Halls)
 63172 | Elf:2    | Found Yghuyl's Distillery.
 63480 | Elf:2    | Killed Roxanne
 63486 | Elf:2    | Identified Roxanne's Papyrus of Changing (You took it off Roxanne on level 2 of the Elven Halls)
 63559 | Elf:2    | Found Diam Omo's Armour Shop.
 64340 | Elf:3    | Entered Level 3 of the Elven Halls
 64624 | Elf:3    | Reached skill level 10 in Evocations
 65035 | Elf:3    | Reached XP level 22. HP: 215/215 MP: 23/32
 65071 | Elf:3    | Received a gift from Okawaru
 65700 | Elf:3    | Got a transparent lead ring
 65776 | Elf:3    | Got a polished flail {speed}
 66074 | Lair:1   | Identified the ring of Etagh {*Corrode +Fly rN+++ Str-4 SInv} (You took it off a deep elf knight on level 3 of the Elven Halls)
 66075 | Lair:1   | Identified the +11 flail "Koopuof" {speed, MR++ Dex+3} (You took it off a deep elf knight on level 3 of the Elven Halls)
 67058 | Elf:3    | Got a steaming scale mail
 67305 | Lair:1   | Identified the +9 scale mail of Lethargy {rElec} (You found it on level 3 of the Elven Halls)
 67479 | D:2      | Fell from the grace of Okawaru
 67479 | D:2      | Became a worshipper of the Shining One
 67867 | Crypt:3  | Reached * piety under the Shining One
 68093 | Crypt:3  | Reached ** piety under the Shining One
 68156 | Crypt:3  | Reached skill level 15 in Maces & Flails
 68209 | Crypt:3  | Reached *** piety under the Shining One
 68301 | Crypt:3  | Found a staircase to the Tomb.
 68335 | Crypt:3  | Reached **** piety under the Shining One
 69138 | Crypt:3  | Reached ***** piety under the Shining One
 69203 | Crypt:3  | Got a brightly glowing flail
 69206 | Crypt:3  | Identified the +5 flail of Fixation {venom, Str-4 Dex+4} (You found it on level 3 of the Crypt)
 69524 | D:11     | Killed Fannar
 69653 | D:8      | Killed manyhoops's ghost
 70065 | Crypt:3  | Got an ancient bronze ring
 70281 | Tomb:1   | Entered Level 1 of the Tomb of the Ancients
 70410 | Tomb:1   | Reached ****** piety under the Shining One
 70852 | D:6      | Identified a +9 sacred scourge of holy wrath (a +9 vampiric demon whip blessed by the Shining One)
 70852 | D:6      | Received a gift from the Shining One
 71483 | Tomb:1   | Noticed a greater mummy
 71486 | Tomb:1   | Reached XP level 23. HP: 171/225 MP: 21/33
 71509 | Tomb:1   | Killed a greater mummy
 71556 | Tomb:1   | Noticed a greater mummy
 71556 | Tomb:1   | Noticed a greater mummy
 71556 | Tomb:1   | Noticed a greater mummy
 71556 | Tomb:1   | Noticed a greater mummy
 71556 | Tomb:1   | Noticed a greater mummy
 71556 | Tomb:1   | Noticed a greater mummy
 71557 | Tomb:1   | Noticed a greater mummy
 71558 | Tomb:1   | HP: 7/226 [greater mummy/divine providence (15)]
 72189 | Vaults:3 | Found Cawustur's Magic Scroll Emporium.
 72270 | Vaults:3 | Was forgiven by Okawaru
 74330 | Lair:1   | Identified the ring "Axufol" {rF+ rC+ Str+10 Slay-3} (You took it off a vampire knight on level 3 of the Crypt)
 75539 | Vaults:4 | Reached XP level 24. HP: 236/236 MP: 25/34
 76525 | Vaults:5 | Entered Level 5 of the Vaults
 77145 | Vaults:5 | Noticed Xtahua
 77162 | Vaults:5 | Killed Xtahua
 77357 | Vaults:5 | Noticed an ancient lich
 77363 | Vaults:5 | Killed an ancient lich
 77389 | Vaults:5 | Got a silver rune of Zot
 77447 | Vaults:5 | Got a scintillating wooden ring
 77769 | Lair:1   | Identified the ring of Addayd {*Contam rN+++ MR+ Str+4 Slay-4} (You took it off a vault guard on level 5 of the Vaults)
 77828 | D:11     | Gained mutation: You are clumsy. (Dex -2) [mutagenic glow]
 78543 | Lair:1   | Got a twisted large shield
 78554 | Lair:1   | Identified the +4 large shield "Hoceroocw" {rF+ Dex+3} (You acquired it on level 1 of the Lair of Beasts)
 78988 | Vaults:5 | Noticed an ancient lich
 79001 | Vaults:5 | Killed an ancient lich
 79001 | Vaults:5 | Reached XP level 25. HP: 244/247 MP: 25/34
 79613 | Vaults:5 | Got a heavily runed amber ring
 79619 | Vaults:5 | Identified the cursed ring of Fesch {rF+ Str-5} (You took it off a tengu reaver on level 5 of the Vaults)
 79629 | Vaults:5 | Identified the Compendium of Freezing Evil Rituals
 80254 | Vaults:5 | Identified the Volume of Flying Snow
 81461 | Tomb:2   | Noticed a greater mummy
 81462 | Tomb:2   | Noticed a greater mummy
 81462 | Tomb:2   | Noticed a greater mummy
 81465 | Tomb:2   | Noticed a greater mummy
 82192 | Tomb:1   | Killed a greater mummy
 82532 | Tomb:1   | Killed a greater mummy
 82651 | Tomb:1   | Killed a greater mummy
 82682 | Tomb:2   | Killed a greater mummy
 83054 | Tomb:1   | Noticed a greater mummy
 83215 | Tomb:2   | Killed a greater mummy
 83353 | Tomb:1   | Noticed a greater mummy
 83373 | Tomb:2   | Killed a greater mummy
 83553 | Tomb:1   | Killed a greater mummy
 83561 | Tomb:2   | Killed a greater mummy
 83734 | Tomb:2   | Killed a greater mummy
 83942 | Tomb:2   | Killed a greater mummy
 83978 | Tomb:1   | Killed a greater mummy
 83990 | Tomb:1   | Killed a greater mummy
 84205 | Tomb:1   | Noticed a greater mummy
 84211 | Tomb:1   | Killed a greater mummy
 84322 | Tomb:1   | Noticed a greater mummy
 84326 | Tomb:1   | Noticed a greater mummy
 84327 | Tomb:1   | Noticed a greater mummy
 84331 | Tomb:1   | Noticed a greater mummy
 84334 | Tomb:1   | Killed a greater mummy
 84337 | Tomb:1   | Noticed a greater mummy
 84339 | Tomb:1   | Noticed a greater mummy
 84640 | Tomb:1   | Killed a greater mummy
 84651 | Tomb:1   | Killed a greater mummy
 84651 | Tomb:1   | Reached XP level 26. HP: 172/248 MP: 35/35
 85127 | D:15     | Killed Kirke
 85560 | D:15     | Found a staircase to the Depths.
 85807 | Depths:1 | Entered Level 1 of the Depths
 86607 | Tomb:1   | Noticed a greater mummy
 86616 | Tomb:1   | Killed a greater mummy
 86764 | Tomb:1   | Noticed a greater mummy
 86765 | Tomb:1   | Noticed a greater mummy
 86768 | Tomb:1   | Killed a greater mummy
 86778 | Tomb:1   | Killed a greater mummy
 86787 | Tomb:1   | Killed a greater mummy
 87108 | Tomb:1   | Killed a greater mummy
 87118 | Tomb:1   | Killed a greater mummy
 87191 | Tomb:1   | Killed a greater mummy
 87386 | Tomb:1   | Noticed a greater mummy
 87407 | Tomb:1   | Killed a greater mummy
 87655 | Tomb:3   | Entered Level 3 of the Tomb of the Ancients
 87669 | Tomb:3   | Noticed a greater mummy
 87674 | Tomb:3   | Noticed a greater mummy
 87676 | Tomb:3   | Noticed an ancient lich
 87681 | Tomb:3   | Killed a greater mummy
 87685 | Tomb:3   | Noticed an ancient lich
 87694 | Tomb:2   | Killed a greater mummy
 87700 | Tomb:2   | Killed an ancient lich
 87841 | Tomb:2   | Killed an ancient lich
 88080 | Tomb:3   | Noticed a greater mummy
 88299 | Tomb:3   | Noticed Khufu
 88311 | Tomb:2   | Killed a greater mummy
 88358 | Tomb:3   | Killed Khufu
 88522 | Tomb:3   | Identified the Guide on Ensnaring Ice
 88525 | Tomb:3   | Got a dazzling plate armour
 88557 | Tomb:3   | Noticed a greater mummy
 88572 | Tomb:3   | Killed a greater mummy
 89148 | Lair:1   | Identified the +5 plate armour of Haextow {+Inv rElec Str-5 Int+2} (You found it on level 3 of the Tomb of the Ancients)
 89161 | Lair:1   | Identified a +6 rod of ignition (12/12) (You found it on level 3 of the Tomb of the Ancients)
 89762 | Tomb:3   | Got a crude bronze ring
 89764 | Tomb:3   | Identified Xoalag's Catalogue of the Shifting Snowflakes (You found it on level 3 of the Tomb of the Ancients)
 89766 | Tomb:3   | Got an iridescent mace
 89788 | Tomb:3   | Noticed a greater mummy
 89793 | Tomb:3   | Killed a greater mummy
 89793 | Tomb:3   | Reached XP level 27. HP: 182/249 MP: 35/35
 89800 | Tomb:3   | Noticed a greater mummy
 89810 | Tomb:3   | Killed a greater mummy
 89861 | Tomb:3   | Reached skill level 27 in Fighting
 90563 | Lair:1   | Identified the +9 mace of the Dove {crush, *Contam Str+4 Int+7} (You found it on level 3 of the Tomb of the Ancients)
 90569 | Lair:1   | Identified the ring of Dishonesty {*Corrode +Inv rF+ rC+ MP+9} (You found it on level 3 of the Tomb of the Ancients)
 91162 | Tomb:3   | Identified the Guide on the Traveller and the Rocks
 91297 | Tomb:3   | Got a golden rune of Zot
 91997 | Depths:1 | Found a gateway to Hell.
 92010 | Hell     | Entered the Vestibule of Hell
 92010 | Hell     | Noticed Geryon
 92090 | Hell     | Killed Geryon
 92190 | Hell     | Reached skill level 27 in Armour
 92247 | Hell     | Found a gateway to the ashen valley of Gehenna.
 92382 | Hell     | Found a gateway to the freezing wastes of Cocytus.
 92516 | Hell     | Found a gateway to the Iron City of Dis.
 92600 | Hell     | Found a gateway to the decaying netherworld of Tartarus.
 92797 | Tar:1    | Entered Level 1 of Tartarus
 92797 | Tar:1    | Found a gateway to Hell.
 93522 | Tar:2    | Found a gateway to Hell.
 94037 | Tar:3    | Found a gateway to Hell.
 94045 | Tar:4    | Found a gateway to Hell.
 94062 | Tar:5    | Found a gateway to Hell.
 94135 | Tar:5    | Found a gateway to Hell.
 94148 | Tar:6    | Found a gateway to Hell.
 94431 | Tar:7    | Entered Level 7 of Tartarus
 94431 | Tar:7    | Found a gateway to Hell.
 94970 | Tar:7    | Noticed Ereshkigal
 94990 | Tar:7    | Killed Ereshkigal
 95041 | Tar:7    | Got a bone rune of Zot
 95166 | Tar:7    | Gained mutation: You are frail (-10% HP). [mutagenic glow]
 95201 | Tar:7    | Gained mutation: You regenerate slowly when monsters are visible. [mutagenic glow]
 95519 | Lair:1   | Lost mutation: You are frail (-10% HP). [potion of cure mutation]
 95519 | Lair:1   | Lost mutation: You are clumsy. (Dex -2) [potion of cure mutation]
 95519 | Lair:1   | Lost mutation: Your movements are slightly less encumbered by armour (ER -2). [potion of cure mutation]
 95519 | Lair:1   | Lost mutation: Your system is resistant to poisons. [potion of cure mutation]
 95519 | Lair:1   | Lost mutation: You regenerate slowly when monsters are visible. [potion of cure mutation]
 95697 | Dis:1    | Entered Level 1 of the Iron City of Dis
 95697 | Dis:1    | Found a gateway to Hell.
 96681 | Dis:2    | Found a gateway to Hell.
 96729 | Dis:3    | Found a gateway to Hell.
 96815 | Dis:4    | Found a gateway to Hell.
 96815 | Dis:4    | Found a gateway to Hell.
 96906 | Dis:4    | Found a gateway to Hell.
 97050 | Dis:5    | Found a gateway to Hell.
 97139 | Dis:6    | Found a gateway to Hell.
 97214 | Dis:6    | Found a gateway to Hell.
 97244 | Dis:6    | Found a gateway to Hell.
 97262 | Dis:7    | Entered Level 7 of the Iron City of Dis
 97262 | Dis:7    | Found a gateway to Hell.
 97345 | Dis:7    | Gained mutation: You are clumsy. (Dex -2) [a cacodemon]
 97359 | Dis:7    | Gained mutation: Your spells are a little easier to cast, but a little less powerful. [a cacodemon]
 97365 | Dis:7    | Gained mutation: You are very clumsy. (Dex -4) [a cacodemon]
 97475 | Dis:7    | The Shining One protects you from harm!
 97481 | Dis:7    | HP: 3/248 [disintegration (24)]
 98175 | Dis:7    | Noticed Dispater
 98197 | Dis:7    | Killed Dispater
 98214 | Dis:7    | Reached skill level 27 in Shields
 98270 | Dis:7    | Got an iron rune of Zot
 98294 | Dis:7    | Got a crude emerald amulet
 98672 | Lair:1   | Identified the amulet "Caohyphe" {Reflect rPois SH+3} (You took it off an iron imp on level 7 of the Iron City of Dis)
 98960 | Geh:1    | Entered Level 1 of Gehenna
 98960 | Geh:1    | Found a gateway to Hell.
 99015 | Geh:2    | Found a gateway to Hell.
 99064 | Geh:2    | Found a gateway to Hell.
 99203 | Geh:3    | Found a gateway to Hell.
 99231 | Geh:3    | Found a gateway to Hell.
 99468 | Geh:5    | Found a gateway to Hell.
 99617 | Geh:6    | Found a gateway to Hell.
 99717 | Geh:6    | Found a gateway to Hell.
 99784 | Geh:6    | Found a gateway to Hell.
 99810 | Geh:7    | Entered Level 7 of Gehenna
 99810 | Geh:7    | Found a gateway to Hell.
 99828 | Geh:7    | Found a gateway to Hell.
100040 | Geh:7    | Noticed the Serpent of Hell
100058 | Geh:7    | Killed the Serpent of Hell
100425 | Geh:7    | Identified the Incunabulum of Cankerous Battle Magic
100511 | Geh:7    | Noticed Asmodeus
100530 | Geh:7    | Killed Asmodeus
100561 | Geh:7    | Identified the Papyrus of the Shifting Entourage
100628 | Geh:7    | Identified the Handbook of Entrancing Toxins
100643 | Geh:7    | Got an obsidian rune of Zot
100787 | Geh:7    | Found a gateway to Hell.
101181 | Coc:1    | Entered Level 1 of Cocytus
101181 | Coc:1    | Found a gateway to Hell.
101238 | Coc:1    | You fall through a shaft!
101268 | Coc:3    | Found a gateway to Hell.
101482 | Coc:4    | Found a gateway to Hell.
101544 | Coc:4    | Found a gateway to Hell.
101585 | Coc:5    | Found a gateway to Hell.
101646 | Coc:5    | Found a gateway to Hell.
101869 | Coc:6    | Found a gateway to Hell.
101920 | Coc:6    | Found a gateway to Hell.
101943 | Coc:7    | Entered Level 7 of Cocytus
101943 | Coc:7    | Found a gateway to Hell.
101943 | Coc:7    | Found a gateway to Hell.
101943 | Coc:7    | Found a gateway to Hell.
102366 | Coc:7    | Noticed Antaeus
102827 | Coc:7    | Was placed under penance by the Shining One
102859 | Coc:7    | Killed Antaeus
102861 | Coc:7    | Fell from the grace of the Shining One
102898 | Coc:7    | Got a scorched turquoise ring
102913 | Coc:7    | Got an icy rune of Zot
103306 | Lair:1   | Identified the ring "Wiomox" {*Contam rN+ MR++ Stlth-} (You found it on level 7 of Cocytus)
103365 | D:6      | Gained mutation: You occasionally shout uncontrollably at your foes. [mutagenic glow]
103467 | D:2      | Became a worshipper of the Shining One
105046 | Depths:2 | Found a one-way gate leading to the halls of Pandemonium.
105447 | Depths:2 | Found an iron altar of Okawaru.
107568 | Depths:4 | Lost mutation: You are very clumsy. (Dex -4) [potion of cure mutation]
107568 | Depths:4 | Lost mutation: You are clumsy. (Dex -2) [potion of cure mutation]
107568 | Depths:4 | Lost mutation: You occasionally shout uncontrollably at your foes. [potion of cure mutation]
107615 | Depths:4 | Found a gateway to a ziggurat.
108243 | Depths:4 | Got a glittering copper ring
108554 | Lair:1   | Identified the ring of Usoelipp {rC- MP+9 Str+4 Int+3} (You found it on level 4 of the Depths)
109057 | Depths:4 | Found a one-way gate to the infinite horrors of the Abyss.
109156 | Depths:5 | Entered Level 5 of the Depths
109178 | Depths:5 | Noticed a juggernaut
109186 | Depths:5 | Killed a juggernaut
109662 | Depths:5 | Found a gate to the Realm of Zot.
110596 | Zot:1    | Entered Level 1 of the Realm of Zot
110807 | Zot:1    | Found a huge runed gate.
110807 | Zot:1    | Found a huge runed gate.
110808 | Zot:1    | Found a huge runed gate.
110808 | Zot:1    | Found a huge runed gate.
110808 | Zot:1    | Found a huge runed gate.
110809 | Zot:1    | Found a huge runed gate.
110824 | Zot:1    | Found a huge runed gate.
110825 | Zot:1    | Found a huge runed gate.
110826 | Zot:1    | Found a huge runed gate.
110826 | Zot:1    | Found a huge runed gate.
110827 | Zot:1    | Found a huge runed gate.
110828 | Zot:1    | Found a huge runed gate.
110828 | Zot:1    | Found a huge runed gate.
110830 | Zot:1    | Found a huge runed gate.
111245 | Zot:1    | Found a huge runed gate.
111245 | Zot:1    | Found a huge runed gate.
111245 | Zot:1    | Found a huge runed gate.
111245 | Zot:1    | Found a huge runed gate.
111245 | Zot:1    | Found a huge runed gate.
111261 | Zot:1    | Found a huge runed gate.
111262 | Zot:1    | Found a huge runed gate.
111262 | Zot:1    | Found a huge runed gate.
111299 | Zot:1    | Found a huge runed gate.
111299 | Zot:1    | Found a huge runed gate.
111299 | Zot:1    | Found a huge runed gate.
111299 | Zot:1    | Found a huge runed gate.
111310 | Zot:1    | Found a huge runed gate.
111310 | Zot:1    | Found a huge runed gate.
111311 | Zot:1    | Found a huge runed gate.
111361 | Zot:1    | Noticed an ancient lich
111361 | Zot:1    | Noticed an orb of fire
111361 | Zot:1    | Noticed an orb of fire
111361 | Zot:1    | Noticed an orb of fire
111373 | Zot:1    | Killed an ancient lich
111376 | Zot:1    | Gained mutation: Your spells are easier to cast, but less powerful. [an orb of fire]
111377 | Zot:1    | Gained mutation: You are occasionally teleported next to monsters. [an orb of fire]
111381 | Zot:1    | Lost mutation: You are covered in fur (AC +1). [an orb of fire]
111382 | Zot:1    | Killed an orb of fire
111388 | Zot:1    | Killed an orb of fire
111397 | Zot:1    | Gained mutation: You are partially covered in slimy green scales (AC +2). [an orb of fire]
111402 | Zot:1    | Killed an orb of fire
112292 | Zot:2    | Noticed an orb of fire
112292 | Zot:2    | Gained mutation: Scrolls take you a little longer to read. [an orb of fire]
112295 | Zot:2    | Gained mutation: Scrolls take you longer to read. [an orb of fire]
112300 | Zot:2    | Gained mutation: You are weak. (Str -2) [an orb of fire]
112309 | Zot:2    | Killed an orb of fire
112417 | Zot:2    | Noticed an orb of fire
112423 | Zot:2    | Gained mutation: Scrolls take you much longer to read. [an orb of fire]
112425 | Zot:2    | Killed an orb of fire
112692 | Zot:3    | Noticed an orb of fire
112707 | Zot:3    | Killed an orb of fire
113437 | Zot:4    | Gained mutation: You are clumsy. (Dex -2) [a neqoxec]
114775 | Lair:1   | Identified a +3 rod of shadows (11/11) (You found it on level 3 of the Realm of Zot)
114796 | Lair:1   | Lost mutation: You are clumsy. (Dex -2) [potion of cure mutation]
114796 | Lair:1   | Lost mutation: Your spells are easier to cast, but less powerful. [potion of cure mutation]
114796 | Lair:1   | Lost mutation: Scrolls take you much longer to read. [potion of cure mutation]
114796 | Lair:1   | Lost mutation: Scrolls take you longer to read. [potion of cure mutation]
114796 | Lair:1   | Lost mutation: You are surrounded by a mild repulsion field (EV +2). [potion of cure mutation]
114797 | Lair:1   | Lost mutation: You are occasionally teleported next to monsters. [potion of cure mutation]
114797 | Lair:1   | Lost mutation: You are weak. (Str -2) [potion of cure mutation]
114797 | Lair:1   | Lost mutation: Scrolls take you a little longer to read. [potion of cure mutation]
114797 | Lair:1   | Lost mutation: Your spells are a little easier to cast, but a little less powerful. [potion of cure mutation]
114797 | Lair:1   | Lost mutation: You are partially covered in slimy green scales (AC +2). [potion of cure mutation]
115063 | Depths:4 | Voluntarily entered the Abyss.
115606 | Abyss:4  | Paralysed by accursed screaming for 1 turns
115619 | Abyss:4  | Paralysed by accursed screaming for 1 turns
115813 | Depths:4 | Escaped the Abyss
116228 | Depths:4 | Voluntarily entered the Abyss.
116257 | Abyss:2  | Found a corrupted altar of Lugonu.
116454 | Abyss:2  | Reached skill level 27 in Maces & Flails
116542 | Abyss:2  | Reached skill level 27 in Dodging
116990 | Abyss:4  | Found a sacrificial altar of Ru.
117381 | Abyss:4  | Gained mutation: Your magical capacity is low (-10% MP). [a neqoxec]
117712 | Abyss:4  | Got an abyssal rune of Zot
117900 | Depths:4 | Escaped the Abyss
118425 | Slime:1  | Entered Level 1 of the Pits of Slime
118466 | Slime:1  | Gained mutation: You occasionally shout uncontrollably at your foes. [a shining eye]
118484 | Slime:1  | Gained mutation: You regenerate slowly when monsters are visible. [a shining eye]
118922 | Slime:5  | Gained mutation: You are clumsy. (Dex -2) [a shining eye]
118931 | Slime:5  | Gained mutation: You are very clumsy. (Dex -4) [a shining eye]
119451 | Slime:6  | Entered Level 6 of the Pits of Slime
119589 | Slime:4  | Gained mutation: You tend to lose your temper in combat. [a shining eye]
119610 | Slime:4  | Gained mutation: You are weak. (Str -2) [a shining eye]
119630 | Slime:4  | Paralysed by a giant eyeball for 3 turns
120217 | Slime:6  | Reached skill level 27 in Invocations
120601 | Slime:6  | Noticed the Royal Jelly
120617 | Slime:6  | Killed the Royal Jelly
120732 | Slime:5  | HP: 12/269 [acid (16)]
120732 | Slime:5  | Splashed by an acid blob's acid

Skill      XL: |  1  2  3  4  5  6  7  8  9 10 11 12 13 14 15 16 17 18 19 20 21 22 23 24 25 26 27 |
---------------+----------------------------------------------------------------------------------+-----
Dodging        | 1 2 3 4 6 7 9 11 12 13 14 15 16 27 | 27.0
Maces & Flails | 3 5 6 7 8 10 12 14 15 16 27 | 27.0
Armour         | 4 5 6 7 8 10 11 12 13 14 15 16 17 18 19 20 21 22 23 24 25 26 27 | 27.0
Fighting       | 4 5 6 7 8 10 11 12 13 14 15 16 17 18 20 21 22 23 24 25 26 27 | 27.0
Shields        | 4 5 6 7 8 10 11 12 13 14 15 16 17 18 19 20 22 23 27 | 27.0
Invocations    | 3 5 6 7 8 9 10 11 12 13 14 15 16 17 18 27 | 27.0
Evocations     | 4 5 6 8 10 14 | 14.2

Action                   |  1- 3 |  4- 6 |  7- 9 | 10-12 | 13-15 | 16-18 | 19-21 | 22-24 | 25-27 || total
-------------------------+-------+-------+-------+-------+-------+-------+-------+-------+-------++-------
Melee: Flail             |   113 |   140 |   490 |  1184 |  2889 |   549 |       |       |   751 ||  6116
       Headbutt          |    12 |    16 |    80 |   321 |  1096 |   833 |  1036 |   721 |  2359 ||  6474
       Demon whip        |       |       |       |       |       |  1600 |  2521 |   217 |       ||  4338
       Eveningstar       |       |       |       |       |       |       |       |  1684 |  2265 ||  3949
       Sacred scourge    |       |       |       |       |       |       |       |    78 |  3875 ||  3953
Invok: Heroism           |       |       |     1 |     7 |     7 |     2 |     4 |       |       ||    21
       Finesse           |       |       |       |     1 |     5 |       |       |       |       ||     6
       Brand Weapon With |       |       |       |       |       |       |       |     1 |       ||     1
       Summon Divine War |       |       |       |       |       |       |       |     4 |    25 ||    29
       Divine Shield     |       |       |       |       |       |       |       |     2 |     8 ||    10
       Cleansing Flame   |       |       |       |       |       |       |       |       |     7 ||     7
 Abil: Evoke Berserk Rag |       |       |       |       |       |     4 |     2 |       |     4 ||    10
       Evoke Flight      |       |       |       |       |       |       |       |       |     5 ||     5
Evoke: Wand              |       |       |       |     8 |    18 |     1 |       |     1 |     7 ||    35
       Lamp of fire      |       |       |       |       |     2 |     1 |     1 |     2 |     3 ||     9
       Phantom mirror    |       |       |       |       |     1 |       |       |       |       ||     1
       Stone of tremors  |       |       |       |       |       |       |       |     1 |       ||     1
       Phial of floods   |       |       |       |       |       |       |       |       |     3 ||     3
       Fan of gales      |       |       |       |       |       |       |       |       |     2 ||     2
       Box of beasts     |       |       |       |       |       |       |       |       |     2 ||     2
       Disc of storms    |       |       |       |       |       |       |       |       |     1 ||     1
  Use: Scroll            |       |     8 |     1 |    13 |    11 |    13 |     4 |    23 |    17 ||    90
       Potion            |       |       |     2 |     9 |     7 |     4 |       |     3 |    16 ||    41
 Stab: Sleeping          |       |       |       |     1 |       |       |       |       |       ||     1
       Distracted        |       |       |       |       |       |       |       |       |     2 ||     2
  Eat: Chunk             |     3 |     3 |    20 |    27 |    53 |    35 |    27 |    35 |    51 ||   254
       Pizza             |       |       |     1 |       |     1 |     1 |       |       |       ||     3
       Meat ration       |       |       |       |     2 |     2 |     1 |       |       |    18 ||    23
       Fruit             |       |       |       |       |     9 |    12 |    10 |     7 |     7 ||    45
       Beef jerky        |       |       |       |       |     1 |     2 |       |       |     1 ||     4
       Bread ration      |       |       |       |       |     1 |       |       |     1 |     1 ||     3
       Royal jelly       |       |       |       |       |     1 |       |       |       |       ||     1
Armor: Scale mail        |    73 |    42 |   146 |   333 |   164 |       |       |       |       ||   758
       Gold dragon armou |       |       |       |       |   793 |   630 |   411 |   363 |  1017 ||  3214
Dodge: Dodged            |    43 |    34 |   164 |   604 |   670 |   575 |   532 |   549 |  1863 ||  5034
Block: Shield            |    54 |    72 |   272 |   988 |   206 |       |       |       |       ||  1592
       Large shield      |       |       |       |       |  2533 |  2384 |  1910 |  1715 |  7254 || 15796
       Reflection        |       |       |       |       |       |       |       |       |   128 ||   128
